Monarchs vs Mulligans (R1)

Created - January 12, 2019 at 22:39

Goals
1 2 3 T
Monarchs 1 4 1 6
Mulligans 2 0 2 4
Shots
1 2 3 T
Monarchs 8 17 10 35
Mulligans 12 9 16 37

1st period

1. Mulligans , Joonas Donskoi 9 (Matt Donovan 37, Cody Goloubef 21) at 13:25
2. Monarchs , Teuvo Teravainen 15 (Chris Thorburn 15, Jake McCabe 18) at 14:14
3. Mulligans , Maxime Macenauer 15 (Joonas Donskoi 11, Matt Donovan 38) at 16:26

Penalties :
Will Butcher (MAN) for Hooking (Minor) at 1:07

2nd period

4. Monarchs , Chris Thorburn 9 (Daultan Leveillé 24, Teuvo Teravainen 15) at 0:10
5. Monarchs , Andre Burakovsky 29 (Connor Brown 44, Marko Dano 31) at 11:31
6. Monarchs , Teuvo Teravainen 16 (Ryan White 5, Jake McCabe 19) at 12:59
7. Monarchs , Marko Dano 15 (Connor Brown 45) at 19:10

Penalties :
Nick Bonino (Rep) for Interference (Minor) at 15:18

3rd period

8. Mulligans , Logan Shaw 8 (Sven Baertschi 10, Anton Lander 16) at 3:18 (PP)
9. Monarchs , Dennis Everberg 5 (Ryan White 6, Will Butcher 11) at 13:09
10. Mulligans , Nick Bonino 29 (Eric Tangradi 23) at 14:55

Penalties :
Mike Hoffman (MAN) for Holding (Minor) at 2:41, Joel Armia (MAN) for Hooking (Minor) at 17:42

Goalie Stats

Anders Lindback (MAN), 33 saves from 37 shots - (0.892), W, 14-9-2, 60:00 minutes
Juuse Saros (Rep), 29 saves from 35 shots - (0.829), L, 5-14-1, 60:00 minutes

Players Stats for Monarchs

Player Name              G  A  P  +/- PIM S  H  SB GA TA FO     MP     PP MP  PK MP  
------------------------------------------------------------------------------------
Alec Martinez            0  0  0  -1  0   1  0  0  1  0  0/0    18:15   0:00   3:00 
Andre Burakovsky         1  0  1   1  0   4  1  0  0  0  1/1    18:30   1:05   0:00 
Andrei Mironov           0  0  0   0  0   0  0  0  0  0  0/0     5:10   0:00   0:00 
Anthony Peluso           0  0  0   0  0   0  0  0  0  0  0/0     0:00   0:00   0:00 
Artturi Lehkonen         0  0  0   0  0   1  1  1  0  0  0/1     8:51   0:00   0:00 
Chris Thorburn           1  1  2   2  0   3  1  1  1  5  1/1    16:41   0:00   1:02 
Connor Brown             0  2  2   1  0   1  1  0  2  1  0/0    18:30   1:05   0:00 
Daultan Leveillé         0  1  1   2  0   3  2  0  0  0  5/16   18:11   0:00   2:32 
David Fischer            0  0  0   3  0   1  1  1  0  0  0/0    13:36   0:00   0:00 
Dennis Everberg          1  0  1   0  0   4  3  0  1  0  0/1    11:23   0:00   2:32 
Jake McCabe              0  2  2   3  0   2  0  5  0  1  0/0    18:19   1:19   2:42 
Jeff Petry               0  0  0   1  0   1  0  1  0  1  0/0    19:35   0:00   1:34 
Joel Armia               0  0  0   0  2   0  3  0  0  0  0/0    12:24   0:54   0:00 
Jonathan Drouin          0  0  0   0  0   3  1  1  2  0  0/0    12:07   0:54   0:00 
Josh Morrissey           0  0  0  -1  0   1  0  0  0  1  0/0    17:07   0:40   0:20 
Marko Dano               1  1  2   1  0   2  2  1  0  0  12/20  19:49   1:05   1:01 
Mike Hoffman             0  0  0   0  2   1  3  0  0  0  2/4    13:40   0:40   1:38 
Ryan White               0  2  2   0  0   0  0  0  1  0  0/1     8:51   0:00   0:00 
Scott Harrington         0  0  0   0  0   1  0  1  0  0  0/0     6:44   0:00   1:34 
Teuvo Teravainen         2  1  3   2  0   5  0  0  0  0  1/2    17:06   0:54   0:25 
Will Butcher             0  1  1   1  2   1  0  1  0  1  0/0    20:33   1:19   0:00 

Players Stats for Mulligans

Player Name              G  A  P  +/- PIM S  H  SB GA TA FO     MP     PP MP  PK MP  
------------------------------------------------------------------------------------
Anton Lander             0  1  1   0  0   0  1  0  0  0  7/11   16:23   2:12   0:59 
Ben Hutton               0  0  0   0  0   1  1  0  0  0  0/0    12:36   0:10   0:00 
Cade Fairchild           0  0  0  -2  0   1  1  0  1  1  0/0    19:22   2:04   0:50 
Christoph Bertschy       0  0  0  -1  0   0  0  1  1  0  1/3     8:59   0:00   0:13 
Cody Goloubef            0  1  1  -1  0   2  0  2  1  0  0/0    24:22   2:21   1:09 
Dalton Thrower           0  0  0   0  0   0  0  0  0  0  0/0     4:25   0:00   0:00 
Darren Dietz             0  0  0   0  0   0  0  0  0  0  0/0    12:08   0:00   0:00 
Drayson Bowman           0  0  0   2  0   2  1  0  0  1  0/0    12:52   0:00   0:28 
Eric Tangradi            0  1  1  -4  0   5  1  1  1  0  2/2    20:33   2:19   0:00 
John Hayden              0  0  0   0  0   0  0  0  0  0  0/0     0:19   0:04   0:00 
Jonathan Tremblay        0  0  0  -4  0   3  2  3  0  0  0/0    21:29   2:19   0:56 
Jonny Brodzinski         0  0  0   0  0   0  0  0  0  0  0/0     0:19   0:04   0:00 
Joonas Donskoi           1  1  2   2  0   4  0  0  0  1  0/0    12:43   0:04   0:00 
Logan Shaw               1  0  1   0  0   4  1  1  1  1  0/2    15:24   2:12   0:00 
Matt Beleskey            0  0  0  -1  0   1  0  0  1  1  0/0     8:46   0:00   0:00 
Matt Donovan             0  2  2  -1  0   5  2  0  1  1  0/0    27:17   2:21   1:09 
Maxime Macenauer         1  0  1   2  0   3  1  0  0  0  1/3    12:52   0:00   0:28 
Michael Sdao             0  0  0  -2  0   1  3  2  1  1  0/0    19:50   2:14   0:50 
Nick Bonino              1  0  1  -4  2   4  2  0  1  1  14/26  21:07   2:19   0:00 
Nick Moutrey             0  0  0   0  0   0  0  0  0  0  0/0     1:06   0:00   0:31 
Sven Baertschi           0  1  1   0  0   1  1  0  1  0  0/0    16:22   2:12   0:23 
Valeri Nichushkin        0  0  0  -1  0   0  0  0  0  0  0/0     8:46   0:00   0:00 

3 Stars

1 - Teuvo Teravainen (MAN)
2 - Chris Thorburn (MAN)
3 - Marko Dano (MAN)

Power Play

Monarchs - 0 on 1 Attempt(s) - 0.00%
Mulligans - 1 on 3 Attempt(s) - 33.33%

Penalty Kill

Monarchs - 2 on 3 Attempt(s) - 66.67% - Score 0 goal in Penalty Kill
Mulligans - 1 on 1 Attempt(s) - 100.00% - Score 0 goal in Penalty Kill

Team Stat

Monarchs - Hits : 19 - Faceoff Wins : 22 - Blocked Shots : 13 - Penalty Minutes : 6
Mulligans - Hits : 17 - Faceoff Wins : 25 - Blocked Shots : 10 - Penalty Minutes : 2

Official

Referees : Unknown
Linesman : Unknown

Game Notes

No Game Note

Finance

Level 1 -- Attendance: 1413 (70.65%) -- Ticket Income $35,325
Level 2 -- Attendance: 787 (78.70%) -- Ticket Income $9,444
Total Attendance: 2200 (73.33%)
Total Ticket Income: $44,769
Other Income: $2,238
Total Income: $47,007

Monarchs

5 vs 5 Forward 
   Center                   Left Wing                Right Wing               Time % Phy DF OF 
 1 Marko Dano               Andre Burakovsky         Connor Brown             35     0   2  3  
 2 Daultan Leveillé         Teuvo Teravainen         Chris Thorburn           35     1   2  2  
 3 Mike Hoffman             Jonathan Drouin          Joel Armia               25     1   2  2  
 4 Ryan White               Artturi Lehkonen         Dennis Everberg          5      1   2  2  

5 vs 5 Defense 
   Defense                  Defense                                           Time % Phy DF OF 
 1 Jeff Petry               Will Butcher                                      35     0   3  2  
 2 Alec Martinez            Josh Morrissey                                    30     1   3  1  
 3 Jake McCabe              David Fischer                                     25     1   3  1  
 4 Scott Harrington         Andrei Mironov                                    10     1   3  1  

PowerPlay Forward 
   Center                   Left Wing                Right Wing               Time % Phy DF OF 
 1 Marko Dano               Andre Burakovsky         Connor Brown             60     0   1  4  
 2 Jonathan Drouin          Teuvo Teravainen         Joel Armia               40     0   1  4  

PowerPlay Defense
   Defense                  Defense                                           Time % Phy DF OF 
 1 Will Butcher             Jake McCabe                                       60     0   2  3  
 2 Mike Hoffman             Josh Morrissey                                    40     0   2  3  

Penalty Kill 4 Players Forward 
   Center                   Wing                     Time % Phy DF OF 
 1 Daultan Leveillé         Dennis Everberg          60     0   4  1  
 2 Mike Hoffman             Chris Thorburn           40     0   4  1  

Penalty Kill 4 Players Defense
   Defense                  Defense                  Time % Phy DF OF 
 1 Jake McCabe              Alec Martinez            60     0   5  0  
 2 Jeff Petry               Scott Harrington         40     0   5  0  

Penalty Kill - 3 Players Forward 
   Forward                                           Time % Phy DF OF 
 1 Daultan Leveillé                                  60     1   4  0  
 2 Mike Hoffman                                      40     1   4  0  

Penalty Kill - 3 Players Defense
   Defense                  Defense                  Time % Phy DF OF 
 1 Alec Martinez            Jeff Petry               60     0   5  0  
 2 Jake McCabe              Scott Harrington         40     0   5  0  

4 vs 4 Forward 
   Center                   Wing                     Time % Phy DF OF 
 1 Marko Dano               Teuvo Teravainen         60     1   2  2  
 2 Connor Brown             Daultan Leveillé         40     1   2  2  

4 vs 4 Defense
   Defense                  Defense                  Time % Phy DF OF 
 1 Alec Martinez            Will Butcher             60     1   2  2  
 2 Jake McCabe              Josh Morrissey           40     1   2  2  

Last Minutes Offensive
   Center                   Left Wing                Right Wing               Defense                  Defense                  
   Marko Dano               Teuvo Teravainen         Connor Brown             Jake McCabe              Will Butcher             

Last Minutes Defensive
   Center                   Left Wing                Right Wing               Defense                  Defense                  
   Mike Hoffman             Daultan Leveillé         Chris Thorburn           Jake McCabe              Alec Martinez            

Goaltenders
Starting : Anders Lindback          
Backup : Eric Comrie              

Extra Forwards
Normal : Marko Dano, Mike Hoffman, Teuvo Teravainen - PP : Daultan Leveillé, Chris Thorburn - PK : Marko Dano
Extra Defensemen
Normal : Jake McCabe, Alec Martinez, Will Butcher - PP : Alec Martinez - PK : Josh Morrissey, Will Butcher
Penalty Shots
Andre Burakovsky, Teuvo Teravainen, Marko Dano, Dennis Everberg, Ryan White

Scratches
Brian Boyle (Fractured Metatarsal (Right Foot) Injury), Colin Smith (Healthy), Nicklas Jensen (Healthy), Kenndal McArdle (Healthy), Darnell Nurse (Healthy)
Luca Sbisa (Healthy), Tyler Beskorowany (Healthy)

Mulligans

5 vs 5 Forward 
   Center                   Left Wing                Right Wing               Time % Phy DF OF 
 1 Nick Bonino              Eric Tangradi            Jonathan Tremblay        40     0   2  3  
 2 Anton Lander             Sven Baertschi           Logan Shaw               30     0   2  3  
 3 Maxime Macenauer         Drayson Bowman           Joonas Donskoi           20     0   2  3  
 4 Christoph Bertschy       Matt Beleskey            Valeri Nichushkin        10     0   2  3  

5 vs 5 Defense 
   Defense                  Defense                                           Time % Phy DF OF 
 1 Matt Donovan             Cody Goloubef                                     40     1   2  2  
 2 Michael Sdao             Cade Fairchild                                    30     1   2  2  
 3 Ben Hutton               Darren Dietz                                      20     1   2  2  
 4 Dalton Thrower           Matt Donovan                                      10     1   2  2  

PowerPlay Forward 
   Center                   Left Wing                Right Wing               Time % Phy DF OF 
 1 Nick Bonino              Eric Tangradi            Jonathan Tremblay        60     1   2  2  
 2 Anton Lander             Sven Baertschi           Logan Shaw               40     1   2  2  

PowerPlay Defense
   Defense                  Defense                                           Time % Phy DF OF 
 1 Matt Donovan             Cody Goloubef                                     60     1   2  2  
 2 Michael Sdao             Cade Fairchild                                    40     1   2  2  

Penalty Kill 4 Players Forward 
   Center                   Wing                     Time % Phy DF OF 
 1 Anton Lander             Jonathan Tremblay        60     1   2  2  
 2 Maxime Macenauer         Drayson Bowman           40     1   2  2  

Penalty Kill 4 Players Defense
   Defense                  Defense                  Time % Phy DF OF 
 1 Matt Donovan             Cody Goloubef            60     1   2  2  
 2 Michael Sdao             Cade Fairchild           40     1   2  2  

Penalty Kill - 3 Players Forward 
   Forward                                           Time % Phy DF OF 
 1 Nick Bonino                                       60     1   2  2  
 2 Eric Tangradi                                     40     1   2  2  

Penalty Kill - 3 Players Defense
   Defense                  Defense                  Time % Phy DF OF 
 1 Matt Donovan             Cody Goloubef            60     1   2  2  
 2 Michael Sdao             Cade Fairchild           40     1   2  2  

4 vs 4 Forward 
   Center                   Wing                     Time % Phy DF OF 
 1 Nick Bonino              Eric Tangradi            60     1   2  2  
 2 Anton Lander             Logan Shaw               40     1   2  2  

4 vs 4 Defense
   Defense                  Defense                  Time % Phy DF OF 
 1 Matt Donovan             Cody Goloubef            60     1   2  2  
 2 Michael Sdao             Cade Fairchild           40     1   2  2  

Last Minutes Offensive
   Center                   Left Wing                Right Wing               Defense                  Defense                  
   Nick Bonino              Eric Tangradi            Jonathan Tremblay        Matt Donovan             Cody Goloubef            

Last Minutes Defensive
   Center                   Left Wing                Right Wing               Defense                  Defense                  
   Anton Lander             Eric Tangradi            Jonathan Tremblay        Matt Donovan             Cody Goloubef            

Goaltenders
Starting : Juuse Saros              
Backup : Calvin Pickard           

Extra Forwards
Normal : Jonny Brodzinski, John Hayden, Nick Moutrey - PP : Jonny Brodzinski, John Hayden - PK : Nick Moutrey
Extra Defensemen
Normal : Ben Hutton, Darren Dietz, Dalton Thrower - PP : Ben Hutton - PK : Darren Dietz, Dalton Thrower
Penalty Shots
Maxime Macenauer, Eric Tangradi, Anton Lander, Nick Bonino, Jonathan Tremblay

Scratches
Reid Boucher (Healthy), Marek Langhamer (Healthy)

% Time on Ice - Monarchs

Lines # - Real PCT - Wanted PCT - Time Play
Normal Forward
1 - 33% - 35% - 17:43
2 - 29% - 35% - 15:41
3 - 21% - 25% - 11:11
4 - 17% - 5% - 8:51
Normal Defense
1 - 35% - 35% - 18:43
2 - 30% - 30% - 15:57
3 - 25% - 25% - 13:36
4 - 10% - 10% - 5:10
PP Forward
1 - 55% - 60% - 1:05
2 - 45% - 40% - 0:54
PP Defense
1 - 66% - 60% - 1:19
2 - 34% - 40% - 0:40
PK Forward
1 - 77% - 60% - 3:33
2 - 23% - 40% - 1:02
PK Defense
1 - 66% - 60% - 3:01
2 - 34% - 40% - 1:34
PK3 Forward
1 - 0% - 60%
2 - 0% - 40%
PK3 Defense
1 - 0% - 60%
2 - 0% - 40%
44 Forward
1 - 0% - 60%
2 - 0% - 40%
44 Defense
1 - 0% - 60%
2 - 0% - 40%
Last Minute Offensive  - 0:00
Last Minute Defensive  - 0:00
Total
Forward - 60:00
Defense - 60:00

% Time on Ice - Mulligans

Lines # - Real PCT - Wanted PCT - Time Play
Normal Forward
1 - 36% - 40% - 19:04
2 - 25% - 30% - 13:12
3 - 23% - 20% - 12:24
4 - 16% - 10% - 8:46
Normal Defense
1 - 40% - 40% - 21:10
2 - 31% - 30% - 16:28
3 - 23% - 20% - 12:08
4 - 7% - 10% - 3:40
PP Forward
1 - 52% - 60% - 2:23
2 - 48% - 40% - 2:12
PP Defense
1 - 55% - 60% - 2:31
2 - 45% - 40% - 2:04
PK Forward
1 - 76% - 60% - 1:31
2 - 24% - 40% - 0:28
PK Defense
1 - 58% - 60% - 1:09
2 - 42% - 40% - 0:50
PK3 Forward
1 - 0% - 60%
2 - 0% - 40%
PK3 Defense
1 - 0% - 60%
2 - 0% - 40%
44 Forward
1 - 0% - 60%
2 - 0% - 40%
44 Defense
1 - 0% - 60%
2 - 0% - 40%
Last Minute Offensive  - 0:00
Last Minute Defensive  - 0:00
Total
Forward - 60:00
Defense - 60:00

Play-by-Play

1st period


0:01 of 1st period - Nick Bonino wins face-off versus Marko Dano in neutral zone.
0:06 of 1st period - Wrist shot by Jonathan Tremblay.
0:06 of 1st period - Shot Misses the Net.
0:08 of 1st period - Slapshot by Cody Goloubef.
0:08 of 1st period - Shot Blocked by Jeff Petry.
0:10 of 1st period - Slapshot by Eric Tangradi.
0:10 of 1st period - Shot Misses the Net.
0:28 of 1st period - Will Butcher is hit by Matt Donovan.
0:29 of 1st period - Icing by Will Butcher.
0:30 of 1st period - Anton Lander wins face-off versus Daultan Leveillé in Monarchs zone.
0:40 of 1st period - Snap shot by Sven Baertschi.
0:40 of 1st period - Stopped by Anders Lindback with a rebound.
0:42 of 1st period - Slapshot by Cade Fairchild.
0:42 of 1st period - Stopped by Anders Lindback with a rebound.
0:58 of 1st period - Wrist shot by Logan Shaw.
0:58 of 1st period - Stopped by Anders Lindback with a rebound.
1:00 of 1st period - Snap shot by Ben Hutton.
1:00 of 1st period - Stopped by Anders Lindback with a rebound.
1:07 of 1st period - Minor Penalty to Will Butcher for Hooking.
1:08 of 1st period - Nick Bonino wins face-off versus Daultan Leveillé in Monarchs zone.
1:08 of 1st period - Wrist shot by Jonathan Tremblay.
1:08 of 1st period - Stopped by Anders Lindback without a rebound.
1:09 of 1st period - Daultan Leveillé wins face-off versus Nick Bonino in Monarchs zone.
3:07 of 1st period - Penalty to Will Butcher is over, Will Butcher is back on ice.
3:12 of 1st period - Matt Donovan is hit by Marko Dano and loses puck.
3:31 of 1st period - Slapshot by Maxime Macenauer.
3:31 of 1st period - Shot Misses the Net.
3:33 of 1st period - Snap shot by Drayson Bowman.
3:33 of 1st period - Shot Blocked by Will Butcher.
3:35 of 1st period - Snap shot by Maxime Macenauer.
3:35 of 1st period - Shot Misses the Net.
4:21 of 1st period - Cade Fairchild is hit by Artturi Lehkonen and loses puck.
4:40 of 1st period - Ryan White is hit by Logan Shaw and loses puck.
6:23 of 1st period - Snap shot by Marko Dano.
6:23 of 1st period - Stopped by Juuse Saros with a rebound.
6:25 of 1st period - Slapshot by Jake McCabe.
6:25 of 1st period - Shot Blocked by Logan Shaw.
6:39 of 1st period - Snap shot by Maxime Macenauer.
6:39 of 1st period - Stopped by Anders Lindback with a rebound.
6:41 of 1st period - Slapshot by Michael Sdao.
6:41 of 1st period - Stopped by Anders Lindback with a rebound.
6:59 of 1st period - Wrist shot by Dennis Everberg.
6:59 of 1st period - Shot Blocked by Jonathan Tremblay.
7:22 of 1st period - Wrist shot by Daultan Leveillé.
7:22 of 1st period - Stopped by Juuse Saros without a rebound.
7:23 of 1st period - Marko Dano wins face-off versus Nick Bonino in Mulligans zone.
8:51 of 1st period - Snap shot by Scott Harrington.
8:51 of 1st period - Stopped by Juuse Saros with a rebound.
8:53 of 1st period - Snap shot by Teuvo Teravainen.
8:53 of 1st period - Stopped by Juuse Saros without a rebound.
8:54 of 1st period - Nick Bonino wins face-off versus Daultan Leveillé in Mulligans zone.
10:03 of 1st period - Snap shot by Chris Thorburn.
10:03 of 1st period - Shot Blocked by Jonathan Tremblay.
10:05 of 1st period - Wrist shot by Daultan Leveillé.
10:05 of 1st period - Shot Misses the Net.
10:39 of 1st period - Snap shot by Nick Bonino.
10:39 of 1st period - Stopped by Anders Lindback without a rebound.
10:40 of 1st period - Marko Dano wins face-off versus Anton Lander in Monarchs zone.
11:25 of 1st period - Valeri Nichushkin is hit by Dennis Everberg and loses puck.
12:00 of 1st period - Slapshot by Alec Martinez.
12:00 of 1st period - Deflect By Maxime Macenauer.
12:00 of 1st period - Stopped by Juuse Saros without a rebound.
12:01 of 1st period - Maxime Macenauer wins face-off versus Mike Hoffman in Mulligans zone.
12:07 of 1st period - Josh Morrissey is hit by Drayson Bowman and loses puck.
13:23 of 1st period - Snap shot by Joonas Donskoi.
13:23 of 1st period - Shot Misses the Net.
13:25 of 1st period - Snap shot by Joonas Donskoi.
13:25 of 1st period - Goal by Joonas Donskoi - Monarchs : 0 - Mulligans : 1.
13:26 of 1st period - Nick Bonino wins face-off versus Marko Dano in neutral zone.
13:29 of 1st period - Marko Dano is hit by Michael Sdao.
13:36 of 1st period - Connor Brown is hit by Michael Sdao and loses puck.
13:51 of 1st period - Cade Fairchild is hit by Joel Armia and loses puck.
14:12 of 1st period - Wrist shot by Chris Thorburn.
14:12 of 1st period - Shot Blocked by Michael Sdao.
14:14 of 1st period - Slapshot by Teuvo Teravainen.
14:14 of 1st period - Goal by Teuvo Teravainen - Monarchs : 1 - Mulligans : 1.
14:15 of 1st period - Marko Dano wins face-off versus Nick Bonino in neutral zone.
15:08 of 1st period - Slapshot by Chris Thorburn.
15:08 of 1st period - Stopped by Juuse Saros with a rebound.
15:16 of 1st period - Maxime Macenauer is hit by Dennis Everberg and loses puck.
15:46 of 1st period - Slapshot by Maxime Macenauer.
15:46 of 1st period - Stopped by Anders Lindback with a rebound.
16:08 of 1st period - Snap shot by Drayson Bowman.
16:08 of 1st period - Stopped by Anders Lindback with a rebound.
16:10 of 1st period - Wrist shot by Maxime Macenauer.
16:10 of 1st period - Shot Misses the Net.
16:26 of 1st period - Wrist shot by Maxime Macenauer.
16:26 of 1st period - Goal by Maxime Macenauer - Monarchs : 1 - Mulligans : 2.
16:27 of 1st period - Nick Bonino wins face-off versus Mike Hoffman in neutral zone.
16:57 of 1st period - Slapshot by Sven Baertschi.
16:57 of 1st period - Shot Misses the Net.
17:17 of 1st period - Wrist shot by Ryan White.
17:17 of 1st period - Shot Misses the Net.
17:40 of 1st period - Icing by David Fischer.
17:41 of 1st period - Marko Dano wins face-off versus Anton Lander in Monarchs zone.
18:06 of 1st period - Jake McCabe is hit by Eric Tangradi and loses puck.
18:25 of 1st period - Matt Donovan is hit by Mike Hoffman and loses puck.
18:32 of 1st period - Wrist shot by Jonathan Drouin.
18:32 of 1st period - Deflect By Mike Hoffman.
18:32 of 1st period - Stopped by Juuse Saros with a rebound.
18:34 of 1st period - Snap shot by Mike Hoffman.
18:34 of 1st period - Shot Misses the Net.
18:36 of 1st period - Wrist shot by Mike Hoffman.
18:36 of 1st period - Deflect By Jonathan Drouin.
18:36 of 1st period - Shot Misses the Net.
18:36 of 1st period - Puck is out of play.
18:37 of 1st period - Nick Bonino wins face-off versus Marko Dano in Mulligans zone.
18:50 of 1st period - Slapshot by Connor Brown.
18:50 of 1st period - Shot Blocked by Michael Sdao.
Goals for this period are 1 for Monarchs vs 2 for Mulligans.
Shots for this period are 8 for Monarchs vs 12 for Mulligans.

2nd period


0:01 of 2nd period - Chris Thorburn wins face-off versus Nick Bonino in neutral zone.
0:10 of 2nd period - Snap shot by Chris Thorburn.
0:10 of 2nd period - Goal by Chris Thorburn - Monarchs : 2 - Mulligans : 2.
0:11 of 2nd period - Eric Tangradi wins face-off versus Marko Dano in neutral zone.
0:17 of 2nd period - Icing by Andre Burakovsky.
0:18 of 2nd period - Marko Dano wins face-off versus Nick Bonino in Monarchs zone.
1:04 of 2nd period - Snap shot by Eric Tangradi.
1:04 of 2nd period - Stopped by Anders Lindback without a rebound.
1:05 of 2nd period - Daultan Leveillé wins face-off versus Logan Shaw in Monarchs zone.
1:12 of 2nd period - Logan Shaw is hit by Daultan Leveillé and loses puck.
1:37 of 2nd period - Slapshot by Jake McCabe.
1:37 of 2nd period - Stopped by Juuse Saros without a rebound.
1:38 of 2nd period - Mike Hoffman wins face-off versus Maxime Macenauer in Mulligans zone.
1:42 of 2nd period - Icing by Cody Goloubef.
1:43 of 2nd period - Mike Hoffman wins face-off versus Maxime Macenauer in Mulligans zone.
1:54 of 2nd period - Slapshot by Matt Donovan.
1:54 of 2nd period - Deflect By Joel Armia.
1:54 of 2nd period - Stopped by Anders Lindback with a rebound.
1:56 of 2nd period - Snap shot by Cody Goloubef.
1:56 of 2nd period - Deflect By Drayson Bowman.
1:56 of 2nd period - Stopped by Anders Lindback with a rebound.
2:14 of 2nd period - Snap shot by Eric Tangradi.
2:14 of 2nd period - Shot Misses the Net.
2:20 of 2nd period - Chris Thorburn is hit by Jonathan Tremblay and loses puck.
2:56 of 2nd period - Dennis Everberg is hit by Michael Sdao and loses puck.
3:19 of 2nd period - Slapshot by Jonathan Drouin.
3:19 of 2nd period - Stopped by Juuse Saros with a rebound.
3:50 of 2nd period - Sven Baertschi is hit by Connor Brown and loses puck.
3:59 of 2nd period - Slapshot by Cody Goloubef.
3:59 of 2nd period - Stopped by Anders Lindback with a rebound.
4:37 of 2nd period - Wrist shot by Jonathan Drouin.
4:37 of 2nd period - Stopped by Juuse Saros with a rebound.
5:03 of 2nd period - Slapshot by Nick Bonino.
5:03 of 2nd period - Shot Hit the Post.
5:37 of 2nd period - Snap shot by Dennis Everberg.
5:37 of 2nd period - Deflect By Artturi Lehkonen.
5:37 of 2nd period - Stopped by Juuse Saros without a rebound.
5:38 of 2nd period - Christoph Bertschy wins face-off versus Artturi Lehkonen in Mulligans zone.
6:45 of 2nd period - David Fischer is hit by Cade Fairchild.
7:30 of 2nd period - Snap shot by Teuvo Teravainen.
7:30 of 2nd period - Stopped by Juuse Saros with a rebound.
7:32 of 2nd period - Slapshot by Daultan Leveillé.
7:32 of 2nd period - Shot Blocked by Christoph Bertschy.
7:34 of 2nd period - Wrist shot by Chris Thorburn.
7:34 of 2nd period - Deflect By Daultan Leveillé.
7:34 of 2nd period - Shot Misses the Net.
7:34 of 2nd period - Puck is out of play.
7:35 of 2nd period - Marko Dano wins face-off versus Anton Lander in Mulligans zone.
8:07 of 2nd period - Slapshot by Teuvo Teravainen.
8:07 of 2nd period - Shot Misses the Net.
8:29 of 2nd period - Snap shot by Matt Beleskey.
8:29 of 2nd period - Stopped by Anders Lindback without a rebound.
8:30 of 2nd period - Marko Dano wins face-off versus Christoph Bertschy in Monarchs zone.
9:22 of 2nd period - Anton Lander is hit by Dennis Everberg and loses puck.
9:45 of 2nd period - Wrist shot by Ryan White.
9:45 of 2nd period - Shot Blocked by Cody Goloubef.
9:51 of 2nd period - Slapshot by Cody Goloubef.
9:51 of 2nd period - Shot Blocked by Jake McCabe.
9:53 of 2nd period - Snap shot by Matt Donovan.
9:53 of 2nd period - Deflect By Christoph Bertschy.
9:53 of 2nd period - Shot Blocked by Artturi Lehkonen.
9:53 of 2nd period - Puck is out of play.
9:54 of 2nd period - Marko Dano wins face-off versus Nick Bonino in Monarchs zone.
9:54 of 2nd period - Marko Dano is hit by Jonathan Tremblay.
10:02 of 2nd period - Snap shot by Connor Brown.
10:02 of 2nd period - Shot Misses the Net.
10:20 of 2nd period - Chris Thorburn is hit by Sven Baertschi and loses puck.
11:05 of 2nd period - Snap shot by Teuvo Teravainen.
11:05 of 2nd period - Stopped by Juuse Saros with a rebound.
11:23 of 2nd period - Snap shot by Marko Dano.
11:23 of 2nd period - Shot Misses the Net.
11:25 of 2nd period - Slapshot by Andre Burakovsky.
11:25 of 2nd period - Stopped by Juuse Saros without a rebound.
11:26 of 2nd period - Andre Burakovsky wins face-off versus Nick Bonino in Mulligans zone.
11:31 of 2nd period - Wrist shot by Andre Burakovsky.
11:31 of 2nd period - Goal by Andre Burakovsky - Monarchs : 3 - Mulligans : 2.
11:32 of 2nd period - Eric Tangradi wins face-off versus Daultan Leveillé in neutral zone.
11:37 of 2nd period - Wrist shot by Chris Thorburn.
11:37 of 2nd period - Deflect By Daultan Leveillé.
11:37 of 2nd period - Stopped by Juuse Saros with a rebound.
11:39 of 2nd period - Snap shot by Jeff Petry.
11:39 of 2nd period - Stopped by Juuse Saros with a rebound.
12:18 of 2nd period - Wrist shot by Joonas Donskoi.
12:18 of 2nd period - Stopped by Anders Lindback with a rebound.
12:24 of 2nd period - Matt Donovan is hit by Mike Hoffman and loses puck.
12:59 of 2nd period - Snap shot by Teuvo Teravainen.
12:59 of 2nd period - Goal by Teuvo Teravainen - Monarchs : 4 - Mulligans : 2.
13:00 of 2nd period - Teuvo Teravainen wins face-off versus Nick Bonino in neutral zone.
13:03 of 2nd period - Slapshot by Will Butcher.
13:03 of 2nd period - Stopped by Juuse Saros with a rebound.
13:05 of 2nd period - Slapshot by Jeff Petry.
13:05 of 2nd period - Deflect By Daultan Leveillé.
13:05 of 2nd period - Stopped by Juuse Saros with a rebound.
13:50 of 2nd period - Darren Dietz is hit by Jonathan Drouin.
14:26 of 2nd period - Matt Donovan is hit by Daultan Leveillé and loses puck.
15:18 of 2nd period - Minor Penalty to Nick Bonino for Interference.
15:19 of 2nd period - Anton Lander wins face-off versus Marko Dano in Mulligans zone.
15:44 of 2nd period - Matt Donovan is hit by Joel Armia and loses puck.
17:18 of 2nd period - Penalty to Nick Bonino is over, Nick Bonino is back on ice.
17:34 of 2nd period - Wrist shot by Dennis Everberg.
17:34 of 2nd period - Shot Misses the Net.
18:24 of 2nd period - Slapshot by Maxime Macenauer.
18:24 of 2nd period - Deflect By Joonas Donskoi.
18:24 of 2nd period - Stopped by Anders Lindback with a rebound.
18:26 of 2nd period - Wrist shot by Drayson Bowman.
18:26 of 2nd period - Shot Misses the Net.
18:50 of 2nd period - Wrist shot by Jonathan Drouin.
18:50 of 2nd period - Stopped by Juuse Saros with a rebound.
18:52 of 2nd period - Backhand shot by Connor Brown.
18:52 of 2nd period - Stopped by Juuse Saros without a rebound.
18:53 of 2nd period - Marko Dano wins face-off versus Christoph Bertschy in Mulligans zone.
19:00 of 2nd period - Slapshot by Matt Donovan.
19:00 of 2nd period - Stopped by Anders Lindback without a rebound.
19:01 of 2nd period - Marko Dano wins face-off versus Nick Bonino in Monarchs zone.
19:10 of 2nd period - Snap shot by Marko Dano.
19:10 of 2nd period - Goal by Marko Dano - Monarchs : 5 - Mulligans : 2.
19:11 of 2nd period - Marko Dano wins face-off versus Nick Bonino in neutral zone.
19:23 of 2nd period - Snap shot by Nick Bonino.
19:23 of 2nd period - Stopped by Anders Lindback with a rebound.
19:37 of 2nd period - Will Butcher is hit by Matt Donovan and loses puck.
19:59 of 2nd period - Mike Hoffman is hit by Ben Hutton and loses puck.
Goals for this period are 4 for Monarchs vs 0 for Mulligans.
Shots for this period are 17 for Monarchs vs 9 for Mulligans.

3rd period


0:01 of 3rd period - Marko Dano wins face-off versus Nick Bonino in neutral zone.
0:04 of 3rd period - Snap shot by Eric Tangradi.
0:04 of 3rd period - Shot Misses the Net.
0:06 of 3rd period - Snap shot by Jonathan Tremblay.
0:06 of 3rd period - Stopped by Anders Lindback with a rebound.
0:08 of 3rd period - Slapshot by Cody Goloubef.
0:08 of 3rd period - Shot Blocked by Jake McCabe.
0:10 of 3rd period - Slapshot by Nick Bonino.
0:10 of 3rd period - Shot Blocked by David Fischer.
0:12 of 3rd period - Snap shot by Jonathan Tremblay.
0:12 of 3rd period - Shot Misses the Net.
0:26 of 3rd period - Sven Baertschi is hit by David Fischer and loses puck.
0:35 of 3rd period - Slapshot by Logan Shaw.
0:35 of 3rd period - Shot Blocked by Jonathan Drouin.
0:56 of 3rd period - Joonas Donskoi is hit by Chris Thorburn and loses puck.
1:13 of 3rd period - Slapshot by Christoph Bertschy.
1:13 of 3rd period - Shot Misses the Net.
1:31 of 3rd period - Slapshot by Will Butcher.
1:31 of 3rd period - Deflect By Dennis Everberg.
1:31 of 3rd period - Stopped by Juuse Saros without a rebound.
1:32 of 3rd period - Nick Bonino wins face-off versus Ryan White in Mulligans zone.
1:39 of 3rd period - Snap shot by Ryan White.
1:39 of 3rd period - Shot Misses the Net.
1:47 of 3rd period - Slapshot by Dennis Everberg.
1:47 of 3rd period - Stopped by Juuse Saros without a rebound.
1:48 of 3rd period - Anton Lander wins face-off versus Daultan Leveillé in Mulligans zone.
2:15 of 3rd period - Connor Brown is hit by Nick Bonino.
2:19 of 3rd period - Jonathan Tremblay is hit by Andre Burakovsky and loses puck.
2:41 of 3rd period - Minor Penalty to Mike Hoffman for Holding.
2:42 of 3rd period - Daultan Leveillé wins face-off versus Nick Bonino in Monarchs zone.
2:54 of 3rd period - Snap shot by Dennis Everberg.
2:54 of 3rd period - Stopped by Juuse Saros with a rebound.
2:56 of 3rd period - Snap shot by Dennis Everberg.
2:56 of 3rd period - Shot Misses the Net.
2:58 of 3rd period - Wrist shot by Jake McCabe.
2:58 of 3rd period - Stopped by Juuse Saros with a rebound.
3:16 of 3rd period - Wrist shot by Logan Shaw.
3:16 of 3rd period - Stopped by Anders Lindback with a rebound.
3:18 of 3rd period - Snap shot by Logan Shaw.
3:18 of 3rd period - Goal by Logan Shaw - Monarchs : 5 - Mulligans : 3.
3:19 of 3rd period - Nick Bonino wins face-off versus Marko Dano in neutral zone.
3:28 of 3rd period - Snap shot by Andre Burakovsky.
3:28 of 3rd period - Stopped by Juuse Saros without a rebound.
3:29 of 3rd period - Nick Bonino wins face-off versus Marko Dano in Mulligans zone.
4:17 of 3rd period - Slapshot by Matt Donovan.
4:17 of 3rd period - Stopped by Anders Lindback with a rebound.
5:20 of 3rd period - Slapshot by Eric Tangradi.
5:20 of 3rd period - Stopped by Anders Lindback without a rebound.
5:21 of 3rd period - Anton Lander wins face-off versus Daultan Leveillé in Monarchs zone.
5:28 of 3rd period - Wrist shot by Logan Shaw.
5:28 of 3rd period - Stopped by Anders Lindback without a rebound.
5:29 of 3rd period - Anton Lander wins face-off versus Daultan Leveillé in Monarchs zone.
5:30 of 3rd period - Wrist shot by Sven Baertschi.
5:30 of 3rd period - Shot Misses the Net.
6:58 of 3rd period - Snap shot by Joonas Donskoi.
6:58 of 3rd period - Stopped by Anders Lindback with a rebound.
7:00 of 3rd period - Wrist shot by Drayson Bowman.
7:00 of 3rd period - Shot Blocked by Jake McCabe.
10:02 of 3rd period - Artturi Lehkonen is hit by Nick Bonino and loses puck.
10:25 of 3rd period - Sven Baertschi is hit by Mike Hoffman and loses puck.
10:44 of 3rd period - Off-side.
10:45 of 3rd period - Nick Bonino wins face-off versus Daultan Leveillé in neutral zone.
10:48 of 3rd period - Slapshot by Matt Donovan.
10:48 of 3rd period - Deflect By Jake McCabe.
10:48 of 3rd period - Stopped by Anders Lindback with a rebound.
10:50 of 3rd period - Slapshot by Matt Donovan.
10:50 of 3rd period - Shot Blocked by Jake McCabe.
10:52 of 3rd period - Snap shot by Jonathan Tremblay.
10:52 of 3rd period - Stopped by Anders Lindback with a rebound.
10:54 of 3rd period - Slapshot by Matt Donovan.
10:54 of 3rd period - Shot Blocked by Chris Thorburn.
11:10 of 3rd period - Drayson Bowman is hit by Joel Armia and loses puck.
11:53 of 3rd period - Snap shot by Dennis Everberg.
11:53 of 3rd period - Shot Blocked by Eric Tangradi.
12:15 of 3rd period - Slapshot by Matt Donovan.
12:15 of 3rd period - Shot Blocked by Scott Harrington.
12:17 of 3rd period - Slapshot by Matt Donovan.
12:17 of 3rd period - Stopped by Anders Lindback without a rebound.
12:18 of 3rd period - Daultan Leveillé wins face-off versus Logan Shaw in Monarchs zone.
12:27 of 3rd period - Wrist shot by Chris Thorburn.
12:27 of 3rd period - Stopped by Juuse Saros with a rebound.
12:53 of 3rd period - Wrist shot by Marko Dano.
12:53 of 3rd period - Shot Blocked by Jonathan Tremblay.
12:55 of 3rd period - Backhand shot by Jeff Petry.
12:55 of 3rd period - Shot Misses the Net.
13:09 of 3rd period - Slapshot by Dennis Everberg.
13:09 of 3rd period - Goal by Dennis Everberg - Monarchs : 6 - Mulligans : 3.
13:10 of 3rd period - Daultan Leveillé wins face-off versus Anton Lander in neutral zone.
13:42 of 3rd period - Snap shot by Eric Tangradi.
13:42 of 3rd period - Shot Misses the Net.
13:44 of 3rd period - Wrist shot by Jonathan Tremblay.
13:44 of 3rd period - Shot Misses the Net.
13:48 of 3rd period - Wrist shot by Eric Tangradi.
13:48 of 3rd period - Stopped by Anders Lindback with a rebound.
14:00 of 3rd period - Maxime Macenauer is hit by Marko Dano.
14:10 of 3rd period - Andre Burakovsky is hit by Maxime Macenauer and loses puck.
14:37 of 3rd period - Snap shot by Connor Brown.
14:37 of 3rd period - Shot Hit the Post.
14:39 of 3rd period - Snap shot by Josh Morrissey.
14:39 of 3rd period - Stopped by Juuse Saros without a rebound.
14:40 of 3rd period - Nick Bonino wins face-off versus Daultan Leveillé in Mulligans zone.
14:47 of 3rd period - Wrist shot by Eric Tangradi.
14:47 of 3rd period - Stopped by Anders Lindback without a rebound.
14:48 of 3rd period - Nick Bonino wins face-off versus Daultan Leveillé in Monarchs zone.
14:51 of 3rd period - Wrist shot by Eric Tangradi.
14:51 of 3rd period - Shot Misses the Net.
14:53 of 3rd period - Snap shot by Nick Bonino.
14:53 of 3rd period - Stopped by Anders Lindback with a rebound.
14:55 of 3rd period - Wrist shot by Nick Bonino.
14:55 of 3rd period - Goal by Nick Bonino - Monarchs : 6 - Mulligans : 4.
14:56 of 3rd period - Anton Lander wins face-off versus Teuvo Teravainen in neutral zone.
15:28 of 3rd period - Snap shot by Jonathan Drouin.
15:28 of 3rd period - Shot Blocked by Cody Goloubef.
15:44 of 3rd period - Snap shot by Connor Brown.
15:44 of 3rd period - Shot Misses the Net.
16:02 of 3rd period - Snap shot by Anton Lander.
16:02 of 3rd period - Deflect By Logan Shaw.
16:02 of 3rd period - Shot Blocked by Jake McCabe.
16:02 of 3rd period - Puck is out of play.
16:03 of 3rd period - Anton Lander wins face-off versus Daultan Leveillé in Monarchs zone.
16:51 of 3rd period - Wrist shot by Marko Dano.
16:51 of 3rd period - Deflect By Andre Burakovsky.
16:51 of 3rd period - Stopped by Juuse Saros with a rebound.
16:53 of 3rd period - Slapshot by David Fischer.
16:53 of 3rd period - Stopped by Juuse Saros without a rebound.
16:54 of 3rd period - Nick Bonino wins face-off versus Marko Dano in Mulligans zone.
17:08 of 3rd period - Snap shot by Eric Tangradi.
17:08 of 3rd period - Stopped by Anders Lindback with a rebound.
17:10 of 3rd period - Slapshot by Eric Tangradi.
17:10 of 3rd period - Shot Blocked by Marko Dano.
17:20 of 3rd period - David Fischer is hit by Anton Lander and loses puck.
17:29 of 3rd period - Slapshot by Logan Shaw.
17:29 of 3rd period - Shot Misses the Net.
17:42 of 3rd period - Minor Penalty to Joel Armia for Hooking.
17:43 of 3rd period - Nick Bonino wins face-off versus Dennis Everberg in Monarchs zone.
18:12 of 3rd period - Snap shot by Anton Lander.
18:12 of 3rd period - Shot Misses the Net.
18:14 of 3rd period - Slapshot by Cody Goloubef.
18:14 of 3rd period - Stopped by Anders Lindback with a rebound.
18:16 of 3rd period - Snap shot by Anton Lander.
18:16 of 3rd period - Shot Misses the Net.
19:42 of 3rd period - Penalty to Joel Armia is over, Joel Armia is back on ice.
Goals for this period are 1 for Monarchs vs 2 for Mulligans.
Shots for this period are 10 for Monarchs vs 16 for Mulligans.